 Dungeon Crawl Stone Soup version 0.25.1-2-g60ff931df9 (webtiles) character file.

Game seed: 1053144697798619650

147 Delamore the Cudgeler (level 5, -1/32 HPs)
             Began as a Gargoyle Fighter on Aug 20, 2020.
             Slain by Grinder (6 damage)
             ... while paralysed by Grinder
             ... on level 4 of the Dungeon.
             The game lasted 00:02:33 (2591 turns).

Delamore the Cudgeler (Gargoyle Fighter)            Turns: 2591, Time: 00:02:33

Health: -1/32      AC: 10    Str: 20    XL:     5   Next: 29%
Magic:  5/5        EV:  2    Int:  9    God:
Gold:   131        SH:  0    Dex:  9    Spells: 4/4 levels left

rFire    . . .     SeeInvis +   a - +0 flail
rCold    . . .     Gourm    .   c - +1 kite shield
rNeg     + . .     Faith    .   b - +0 scale mail
rPois    ∞         Spirit   .   (no helmet)
rElec    +         Reflect  .   (no cloak)
rCorr    .         Harm     .   (no gloves)
MR       .....                  (no boots)
Stlth    ..........             (no amulet)
HPRegen  0.10/turn              k - ring of see invisible
MPRegen  0.09/turn              (no ring)

@: paralysed
A: negative energy resistance 1, electricity resistance, unbreathing,
petrification resistance, rot immunity, AC +4
a: no special abilities


You were on level 4 of the Dungeon.
You were not hungry.

You visited 1 branch of the dungeon, and saw 4 of its levels.

You collected 131 gold pieces.

Inventory:

Hand Weapons
 a - a +0 flail (weapon)
Missiles
 q - 11 poisoned darts (quivered)
Armour
 b - a +0 scale mail (worn)
 c - a +1 kite shield (worn)
Jewellery
 k - a ring of see invisible (left hand)
Wands
 y - a wand of iceblast (9)
Scrolls
 e - 3 scrolls of fog
 h - 2 scrolls of enchant armour
 i - a scroll of teleportation
 j - 3 scrolls of random uselessness
 m - 2 scrolls of remove curse
 p - a scroll of enchant weapon
 w - a scroll of blinking
Potions
 d - a potion of might
 g - a potion of degeneration {unknown}
 l - a potion of berserk rage {unknown}
 n - a potion of brilliance {unknown}
 o - 2 potions of stabbing {unknown}
 r - a potion of haste {unknown}
 s - a potion of mutation {unknown}
 t - a potion of flight {unknown}
 v - a potion of curing {unknown}
 x - a potion of ambrosia {unknown}
Comestibles
 f - 3 rations


   Skills:
 - Level 3.2 Fighting
 + Level 5.3 Maces & Flails
 - Level 3.2 Armour
 - Level 3.2 Shields


You had 4 spell levels left.
You didn't know any spells.
Your spell library was empty.

Dungeon Overview and Level Annotations

Branches:
Dungeon (4/15)
 Temple: D:4-7

Altars:
Ashenzari

Annotations:
D:4 Grinder


Innate Abilities, Weirdness & Mutations

You are resistant to torment.
Your stone body is resilient. (AC +4)
You are immune to poison.
You resist negative energy. (rN+)
You are resistant to electric shocks. (rElec)
You can survive without breathing.
You are immune to petrification.
You are immune to rotting.


Message History

Grinder hits you.
* * * LOW HITPOINT WARNING * * *
You writhe in agony.
* * * LOW HITPOINT WARNING * * *
You can move again.
You closely miss Grinder.
Grinder is heavily wounded.
You block Grinder's attack.
You hit Grinder but do no damage.
Grinder is heavily wounded.
Grinder hits you but does no damage.
You barely miss Grinder.
Grinder is heavily wounded.
Grinder gestures at you. You resist with significant effort.
You hit Grinder.
Grinder is heavily wounded.
Grinder gestures at you.
You suddenly lose the ability to move!
Grinder hits you.
You die...

#...#
#...#
#...#
#...#
#...#
#...#
##...#
#..@.#
#..5.#
#...##
#...#
#...#
#...#
#...#
##...#####
#.<.?...!#


You could see Grinder.

Vanquished Creatures
  An orc wizard (D:3)
  A worker ant (D:3)
  2 adders
  A dart slug (D:1)
  6 orcs (D:3)
  A ball python (D:3)
  8 bats
  3 giant cockroaches
  8 goblins
  10 hobgoblins
  4 jackals (D:1)
  2 quokkas
  4 frilled lizards
  5 kobolds
  10 rats
66 creatures vanquished.

Notes
Turn   | Place    | Note
-------+----------+-------------------------------------------
     0 | D:1      | Delamore the Gargoyle Fighter began the quest for the Orb.
     0 | D:1      | Reached XP level 1. HP: 14/14 MP: 1/1
   125 | D:1      | Reached XP level 2. HP: 19/19 MP: 2/2
   177 | D:1      | Reached skill level 3 in Maces & Flails
   784 | D:1      | Reached XP level 3. HP: 23/23 MP: 3/3
  1121 | D:2      | Noticed an ogre
  1355 | D:2      | Reached skill level 4 in Maces & Flails
  1472 | D:2      | Reached XP level 4. HP: 28/28 MP: 4/4
  1694 | D:3      | Reached skill level 5 in Maces & Flails
  1694 | D:3      | Reached XP level 5. HP: 7/32 MP: 5/5
  2214 | D:3      | Found a shattered altar of Ashenzari.
  2357 | D:3      | Found a faded altar of an unknown god.
  2576 | D:4      | Noticed Grinder
  2582 | D:4      | Paralysed by Grinder for 6 turns
  2591 | D:4      | Paralysed by Grinder for 5 turns
  2591 | D:4      | Slain by Grinder

Illustrated notes

Levels and vault maps discovered:
D:1:      shiori_arrival_oz, layout_basic, minmay_pentomino_o4
D:2:      layout_basic, st_stairs_4, minmay_misc_feat_tiny
D:3:      layout_basic, nicolae_ashenzari_panopticon,
          chequers_ecumenical_altar_grove
D:4:      layout_basic, portal_sewer_entry_b, uniq_menkaure, uniq_grinder

Skill      XL: |  1  2  3  4 |
---------------+-------------+-----
Maces & Flails | 3 4 5 |  5.3
Fighting       | |  3.2
Armour         | |  3.2
Shields        | |  3.2

Action                   |  1- 3 |  4- 6 || total
-------------------------+-------+-------++-------
Melee: Flail             |   197 |   132 ||   329
  Use: Scroll            |       |     7 ||     7
  Eat: Chunk             |     2 |     4 ||     6
Armor: Scale mail        |   161 |    65 ||   226
Dodge: Dodged            |   104 |    32 ||   136
Block: Kite shield       |   135 |    65 ||   200
